AoeStats
← Irving Legend

Coastal Forest

503406498Analyzed
2v2 RM · 1mo ago on Aug 31, 2026· 63m 36s· 4 players
Game mode
Random Map
Map size
Medium (4 player)
Population
200
Speed
Normal
Resources
Standard
Victory
Conquest
Starting age
Dark Age
Ending age
Imperial Age
RankedLock teamsTeams togetherTeam positionsShared explorationLock speedFull tech treeHidden civsTurbo modeCheats
Victory
Defeat
🇷🇺 Inca · Russia
1077
+18
🇷🇺 Italians · Russia
1076
+18
🇨🇴 Chinese · Colombia
1134
-19
🇨🇦 Romans · Canada
1110
-18
Vl
11:30 Feudal Age
12:03 Double-Bit Axe
13:43 Loom
14:34 Wheelbarrow
13:44 Town Watch
16:43 Fletching
18:01 Gold Mining
18:01 Stone Mining
21:48 Castle Age
24:58 Hand Cart
24:44 Town Patrol
24:58 Thumb Ring
24:15 Crossbowman
28:55 Silk Road
29:25 Ballistics
30:24 Careening
30:24 Clinker Construction
30:36 Bodkin Arrow
32:34 Padded Archer Armor
35:52 Imperial Age
35:50 Leather Archer Armor
35:36 Murder Holes
35:52 Masonry
37:38 Chemistry
37:52 Arbalester
42:01 Bracer
42:32 Ring Archer Armor
44:42 Elite Genoese Crossbowman
55:03 Onager
jileh9
0:51 Loom
10:25 Feudal Age
10:36 Champi Runner
23:02 Castle Age
24:16 Double-Bit Axe
24:11 Champi Warrior
26:56 Scale Mail Armor
33:13 Fletching
33:45 Forging
36:47 Chain Mail Armor
37:04 Arson
40:12 Wheelbarrow
43:40 Bodkin Arrow
43:46 Padded Archer Armor
48:27 Imperial Age
47:53 Thumb Ring
50:26 Pikeman
52:14 Horse Collar
60:24 Halberdier
62:37 Bow Saw
62:28 Heavy Plow
Thousk_
0:32 Loom
9:39 Feudal Age
10:41 Double-Bit Axe
13:48 Fletching
23:18 Castle Age
21:42 Padded Archer Armor
23:25 Crossbowman
24:07 Bodkin Arrow
30:28 Bow Saw
30:58 Stone Mining
31:02 Gold Mining
35:41 Imperial Age
33:50 Ballistics
35:40 Leather Archer Armor
36:05 Arbalester
37:10 Bracer
38:45 Wheelbarrow
43:26 Bloodlines
44:16 Light Cavalry
48:25 Scale Barding Armor
48:31 Forging
54:28 Masonry
61:53 Ring Archer Armor
Irving Legend
5:06 Loom
9:55 Feudal Age
10:13 Man-at-Arms
10:58 Double-Bit Axe
16:27 Town Watch
20:42 Castle Age
18:58 Fletching
20:34 Bloodlines
20:59 Scale Barding Armor
27:37 Bow Saw
32:34 Ballistics
33:29 Horse Collar
33:40 Gold Mining
39:27 Imperial Age
37:38 Chain Barding Armor
38:16 Husbandry
38:28 Forging
39:13 Scale Mail Armor
39:48 Iron Casting
39:26 Heavy Plow
40:04 Gold Shaft Mining
39:20 Stone Mining
39:31 Long Swordsman
40:12 Squires
40:45 Chain Mail Armor
40:47 Light Cavalry
41:20 Legionary
42:45 Conscription
47:49 Careening
48:00 Siege Engineers
55:15 Blast Furnace
54:12 Bodkin Arrow
53:40 Elite Skirmisher
54:17 Light Cavalry
Connection lost

Rejoining the realm…

Still unreachable

The connection could not be restored.

Session expired

The server has moved on; the page needs a fresh start.